Description

Copy of Elevens build for my own purposes adding a 3rd Queen for defense

Build Order

Get SALT Encoding   

  12  0:01  Drone  
  13  0:12  Overlord  
  13  0:16  Drone  
  14  0:31  Drone x2  
  16  0:49  Hatchery  
  15  0:52  Drone x2  
  17  1:00  Drone  
  18  1:11  Extractor  
  17  1:17  Spawning Pool  
  16  1:19  Drone x2  
  18  1:28  Drone  
  20  1:50  Overlord  
  20  2:03  Queen x2  
  20  2:05  Zergling x4  
  32  2:44  Overlord  
  32  2:45  Lair, Queen  
  33  2:52  Evolution Chamber  in wall
  34  3:02  Roach Warren  in wall
  34  3:07  Evolution Chamber  in wall
  41  3:24  Zerg Missile Weapons Level 1  
  41  3:26  Overlord  
  43  3:35  Extractor x2  
  43  3:39  Overlord  
  41  3:42  Glial Reconstitution  
  46  4:04  Roach x3  
  52  4:16  Roach x5  
  62  4:29  Roach x2  
  76  5:03  Hatchery  
  84  5:33  Extractor  
Spawning Tool Build Advisor. Get it on Overwolf

Go to:

Details

  • Created by: Akrid
  • Published on: Aug 03, 2023
  • Modified on: Aug 03, 2023
  • Patch: 5.0.11
  • Difficulty: Easy
Show
View Real Time Build Order
Export as new Build Order

Comments (0)

There are no comments. Be the first!

Create an account to comment!